 Dungeon Crawl Stone Soup version 0.29-a0-323-g050149af67 (webtiles) character file.

Game seed: 15629264918205224852

64 Jortsu the Shooter (level 3, -1/30 HPs)
             Began as a Draconian Hunter on Apr 10, 2022.
             Slain by an orc
             ... wielding a +0 club
              (3 damage)
             ... on level 3 of the Dungeon.
             The game lasted 00:03:43 (1015 turns).

Jortsu the Shooter (Draconian Hunter)               Turns: 1015, Time: 00:03:44

Health: -1/30      AC:  5    Str: 13    XL:     3   Next: 91%
Magic:  3/3        EV: 12    Int:  9    God:
Gold:   105        SH:  0    Dex: 16    Spells: 2/2 levels left

rFire   . . .      SeeInvis .   a - +1 shortbow
rCold   . . .      Faith    .   (shield currently unavailable)
rNeg    . . .      Spirit   .   (body armour unavailable)
rPois   .          Reflect  .   (helmet restricted)
rElec   .          Harm     .   (no cloak)
rCorr   .          Rampage  .   (no gloves)
Will    .....                   (no boots)
Stlth   +.........              (no amulet)
HPRegen 0.10/turn               (no ring)
MPRegen 0.08/turn               (no ring)

@: confused
A: AC +5, unfitting armour, cold-blooded
a: no special abilities


You were on level 3 of the Dungeon.
You visited 1 branch of the dungeon, and saw 3 of its levels.

You collected 105 gold pieces.

Inventory:

Hand Weapons
 a - a +1 shortbow (weapon)
 e - the +6 long sword "Rautupta" {drain, rPois Will- Dex+6}
   (You found it on level 2 of the Dungeon)

   A truly terrible weapon, it drains the life of any living foe it strikes.
   Dex:       It affects your dexterity (+6).
   rPois:     It protects you from poison.
   Will:      It decreases your willpower.
Scrolls
 b - a scroll of immolation
 d - a scroll of identify
 g - a scroll of fog {unknown}
 h - a scroll of enchant armour {unknown}
 i - a scroll of magic mapping
Potions
 c - 3 potions of curing
 f - a potion of flight {unknown}
 j - a potion of heal wounds {unknown}


   Skills:
 + Level 2.5 Fighting
 + Level 4.8 Bows
 + Level 1.9 Dodging
 + Level 0.8 Stealth


You had 2 spell levels left.
You didn't know any spells.
Your spell library contained the following spells:

 Spells                   Type           Power      Damage    Failure   Level
 Shock                    Conj/Air       0%         1d3       38%         1
 Swiftness                Air            0%         N/A       77%         3
 Airstrike                Air            0%         N/A       99%         4


Dungeon Overview and Level Annotations

Branches:
Dungeon (3/15)

Altars:

Annotations:
D:3 Natasha


Innate Abilities, Weirdness & Mutations

Your plain brown scales are hard. (AC +5)
You cannot fit into any form of body armour.
You are cold-blooded and may be slowed by cold attacks.


Message History

The orc priest calls down the wrath of Beogh upon you.
Pain shoots through your body!
There is an escape hatch in the floor here.
You hear some strange, mumbled words.
You are confused.
The orc hits you with a +0 club.
You slide downwards.
The hatch slams shut behind you.
Reactivating autopickup.
Found 4 gold pieces.
You see here 5 gold pieces.
Non-targeted confused shoot: a) +1 shortbow
Press: ? - help, Q - select action Dir - look around, f - activate You shoot an arrow.
The arrow barely misses the orc.
The orc hits you but does no damage. Natasha casts a spell at you.
The magic dart hits you!
* * * LOW HITPOINT WARNING * * *
Non-targeted confused shoot: a) +1 shortbow
Press: ? - help, Q - select action Dir - look around, f - activate Look: an orc, wielding a +0 club and wearing a +0 leather armour (heavily wounded)
You shoot an arrow. The orc misses you.
Non-targeted confused shoot: a) +1 shortbow
Press: ? - help, Q - select action Dir - look around, f - activate Look: an orc, wielding a +0 club and wearing a +0 leather armour (heavily wounded)
You shoot an arrow. The orc hits you but does no damage.
Natasha casts a spell at you. The magic dart hits you.
* * * LOW HITPOINT WARNING * * *
Non-targeted confused shoot: a) +1 shortbow
Press: ? - help, Q - select action Dir - look around, f - activate Look: an orc, wielding a +0 club and wearing a +0 leather armour (heavily wounded)
You shoot an arrow. The orc hits you with a +0 club.
* * * LOW HITPOINT WARNING * * *
Natasha mumbles some strange words.
Natasha glows brightly for a moment.
The orc hits you with a +0 club.
You die...

#..
#.#
#.#
#.#
#.#
#.#
#h#
#@#
#o#
#.#
#.#
#.#
#.#
#.#
..$


You could see Natasha and an orc.

Vanquished Creatures
  An adder (D:2)
  A worm (D:2)
  3 dart slugs
  3 orcs (D:2)
  A ball python (D:1)
  An endoplasm (D:1)
  2 giant cockroaches (D:1)
  5 goblins
  5 hobgoblins
  7 jackals (D:1)
  A quokka (D:2)
  2 bats (D:1)
  3 frilled lizards
  A kobold (D:1)
  2 rats
38 creatures vanquished.

Notes
Turn   | Place    | Note
-------+----------+-------------------------------------------
     0 | D:1      | Jortsu the Draconian Hunter began the quest for the Orb.
     0 | D:1      | Reached XP level 1. HP: 17/17 MP: 1/1
   165 | D:1      | Reached skill level 4 in Bows
   165 | D:1      | Reached XP level 2. HP: 24/24 MP: 2/2
   504 | D:1      | Reached XP level 3. HP: 30/30 MP: 3/3
   790 | D:2      | Identified the +6 long sword "Rautupta" {drain, rPois Will-
                  | Dex+6}
  1011 | D:3      | Noticed Natasha
  1015 | D:3      | Slain by an orc

Illustrated notes

Levels and vault maps discovered:
D:1:      denvon_arrival_planthouse, layout_loops_ring
D:2:      cheibrodos_pilgrimage, layout_basic, nicolae_ecumenical_lake_church,
          minmay_small_reverse_x
D:3:      layout_rooms, kennysheep_big_empty_room, uniq_sigmund,
          uniq_crazy_yiuf_cottage, uniq_jessica, uniq_natasha, uniq_grinder

Skill      XL: |  1 |
---------------+----+-----
Bows           | 4 |  4.8
Fighting       | |  2.5
Dodging        | |  1.9
Stealth        | |  0.8

Action                   || total
-------------------------++-------
 Fire: Shortbow          ||    93
  Use: Scroll            ||     3
Armor: Skin              ||    13
Dodge: Dodged            ||    18

Table legend: (Time is in decaauts)
 A = Elapsed time spent in this place.
 B = Non-inter-level travel time spent in this place.
 C = Inter-level travel time spent in this place.
 D = Time resting spent in this place.
 E = Time spent auto-exploring this place.
 F = Levels seen in this place.
 G = Mean time per level.
                   A        B        C        D        E       F      G
               +--------+--------+--------+--------+--------+-----+--------+
         Total |   1040 |   1013 |     27 |      0 |    762 |   3 |  346.7 |
       Dungeon |   1040 |   1013 |     27 |      0 |    762 |   3 |  346.7 |
               +--------+--------+--------+--------+--------+-----+--------+

Top non-repeatable levels by time:
     D:1: 743 daAuts
     D:2: 292 daAuts
     D:3: 4 daAuts
